 Dungeon Crawl Stone Soup version 0.30-a0-1016-gfb0d676c02 (webtiles) character file.

Game seed: 14686876248489389237

408 Jase the Firebug (level 6, -15/45 HPs)
             Began as a Hill Orc Fire Elementalist on Apr 7, 2023.
             Demolished by an ogre
             ... wielding a +0 giant club
              (25 damage)
             ... on level 5 of the Dungeon.
             The game lasted 00:14:24 (4282 turns).

Jase the Firebug (Hill Orc Fire Elementalist)       Turns: 4282, Time: 00:14:24

Health: -15/45     AC:  5    Str: 11    XL:     6   Next: 88%
Magic:  1/10       EV: 12    Int: 17    God:
Gold:   276        SH:  0    Dex: 11    Spells: 7/10 levels left

rFire   . . .      SeeInvis .    a - +2 hand axe (heavy)
rCold   . . .      Faith    .    (no shield)
rNeg    . . .      Spirit   .    d - +0 robe
rPois   .          Reflect  .    (no helmet)
rElec   .          Rampage  .    (no cloak)
rCorr   .                        (no gloves)
Will    .....                    o - +2 pair of boots {Stlth+}
Stlth   +++                      (no amulet)
HPRegen 0.27/turn                (no ring)
MPRegen 0.12/turn                (no ring)

@: no status effects
A: no striking features
a: no special abilities


You were on level 5 of the Dungeon.
You visited 1 branch of the dungeon, and saw 5 of its levels.

You collected 276 gold pieces.

Inventory:

Hand Weapons
 a - a +2 heavy hand axe (weapon)
 b - a +1 short sword of venom
Missiles
 q - 5 boomerangs
Armour
 d - a +0 robe (worn)
 o - a +2 pair of boots of stealth (worn)
Jewellery
 t - an amulet of guardian spirit
Scrolls
 c - 2 scrolls of silence {unknown}
 e - 2 scrolls of noise {unknown}
 g - 2 scrolls of enchant armour {unknown}
 h - 2 scrolls of vulnerability {unknown}
 i - 5 scrolls of identify {unknown}
 j - a scroll of fog {unknown}
 l - 2 scrolls of teleportation {unknown}
 m - 2 scrolls of acquirement {unknown}
 s - a scroll of poison {unknown}
 w - a scroll of immolation {unknown}
Potions
 f - 2 potions of lignification {unknown}
 k - a potion of invisibility {unknown}
 n - a potion of magic
 p - a potion of heal wounds {unknown}
 r - a potion of flight {unknown}
 u - a potion of cancellation {unknown}
 v - a potion of mutation {unknown}
 x - a potion of resistance {unknown}
 z - a potion of might {unknown}


   Skills:
 + Level 2.9 Axes
 - Level 1.5 Dodging
 - Level 1.5 Stealth
 + Level 2.8 Spellcasting
 + Level 3.1 Conjurations
 * Level 5.9 Fire Magic


You had 7 spell levels left.
You knew the following spells:

 Your Spells              Type           Power      Damage    Failure   Level
a - Foxfire               Conj/Fire      68%        2x1d7     2%          1
b - Scorch                Fire           44%        2d6       2%          2

Your spell library contained the following spells:

 Spells                   Type           Power      Damage    Failure   Level
 Inner Flame              Hex/Fire       12%        N/A       16%         3
 Volatile Blastmotes      Fire/Tloc      24%        2d12      16%         3
 Beastly Appendage        Tmut           4%         N/A       19%         1
 Wereblood                Tmut           2%         N/A       26%         2
 Flame Wave               Conj/Fire      17%        2d7       26%         4
 Spider Form              Tmut/Pois      2%         N/A       47%         3


Dungeon Overview and Level Annotations

Branches:
Dungeon (5/15)
 Temple: D:4-7

Altars:
Ashenzari
Fedhas

Annotations:
D:5 Eustachio


Message History

You hit the white imp. You barely miss the white imp.
The foxfire hits the ogre.
The ogre is heavily wounded.
The foxfire hits the ogre.
The ogre is severely wounded.
The ogre hits you with a +0 giant club. The white imp barely misses you.
The white imp hits you but does no damage.
Unknown command.
You barely miss the ogre.
The ogre is severely wounded.
You slash the white imp!
You kill the white imp!
The white imp disappears in a puff of smoke!
You barely miss the rat. You hit the white imp. The white imp hits you.
The white imp freezes you. The rat bites you.
Eustachio gestures wildly while chanting.
The ogre hits you with a +0 giant club!
Eustachio casts a spell.
Eustachio blinks!
The rat bites you. The white imp gestures at you. The puff of frost hits you.
You barely miss the ogre.
The ogre is severely wounded.
You hit the white imp. You barely miss the rat. The ogre closely misses you.
The white imp closely misses you. The rat bites you but does no damage.
Eustachio gestures wildly while chanting.
Eustachio blinks!
The ogre barely misses you. The white imp barely misses you. The rat bites you.
You slash the ogre!
The ogre is almost dead.
You closely miss the rat. You slash the white imp! You miss Eustachio.
The white imp hits you.
* * * LOW HITPOINT WARNING * * *
The white imp freezes you.
* * * LOW HITPOINT WARNING * * *
The rat barely misses you.
Eustachio gestures wildly while chanting.
The ogre hits you with a +0 giant club!!
Ouch! That really hurt!
You die...

#.#.#.### #...#†# ##.##.#
#.##.# #.##.# # #.##.#
.####)##############.##.#.#
..........5rr..............
#..##.###O@5rr.......##.#.#
@. #@############ # !.# #.#
.. #.# # #.. ###


You could see Eustachio, an ogre, 2 white imps, 3 quokkas and a rat (summoned).

Vanquished Creatures
  A phantom (D:4)
  A scorpion (D:5)
  A hound (D:4)
  An orc priest (D:4)
  2 sleepcaps (D:4)
  An iguana (D:3)
  An orc wizard (D:2)
  2 adders
  2 worms (D:4)
  A dart slug (D:1)
  10 orcs
  5 ball pythons
  4 endoplasms
  2 giant cockroaches
  7 goblins
  4 hobgoblins
  7 jackals (D:3)
  8 quokkas
  3 bats
  3 frilled lizards
  8 kobolds
  6 rats
80 creatures vanquished.

Vanquished Creatures (others)
  338 foxfires
338 creatures vanquished.

Grand Total: 418 creatures vanquished

Notes
Turn   | Place    | Note
-------+----------+-------------------------------------------
     0 | D:1      | Jase the Hill Orc Fire Elementalist began the quest for the
                  | Orb.
     0 | D:1      | Reached XP level 1. HP: 14/14 MP: 3/3
   401 | D:1      | Reached XP level 2. HP: 14/20 MP: 1/4
   601 | D:1      | Learned a level 2 spell: Scorch
  1054 | D:1      | Reached skill level 4 in Fire Magic
  1054 | D:1      | Reached XP level 3. HP: 16/26 MP: 1/5
  1335 | D:2      | Found a blossoming altar of Fedhas.
  1609 | D:2      | Reached XP level 4. HP: 33/33 MP: 4/7
  2830 | D:3      | Reached skill level 1 in Axes
  2830 | D:3      | Reached XP level 5. HP: 38/38 MP: 1/8
  3119 | D:4      | Reached skill level 5 in Fire Magic
  3445 | D:4      | Noticed a phantom
  3455 | D:4      | Killed a phantom
  3456 | D:4      | Reached XP level 6. HP: 36/45 MP: 1/9
  4065 | D:5      | Entered Level 5 of the Dungeon
  4068 | D:5      | Found a broken altar of Ashenzari.
  4263 | D:5      | Noticed Eustachio
  4282 | D:5      | Demolished by an ogre

Illustrated notes

Levels and vault maps discovered:
D:1:      elethiomel_arrival_infinity_welcomes_careful_drivers, layout_basic,
          minmay_split_cup_small
D:2:      layout_loops_ring, basic_altar, minmay_pentomino_s2
D:3:      layout_rooms
D:4:      cheibrodos_pilgrimage, layout_rooms
D:5:      layout_basic, ashenzari_altar_1, small_statue_intersection,
          uniq_blork_the_orc, uniq_eustachio

Skill      XL: |  1  2  3  4  5  6 |
---------------+-------------------+-----
Fire Magic     | 4 5 |  5.9
Spellcasting   | 2 |  2.8
Conjurations   | 2 3 |  3.1
Axes           | 1 2 |  2.9
Dodging        | |  1.5
Stealth        | |  1.5

Action                     |  1- 3 |  4- 6 || total
---------------------------+-------+-------++-------
  Melee: Short sword       |    34 |     1 ||    35
         Unarmed           |     3 |       ||     3
         Whip              |     1 |       ||     1
         Hand axe          |       |    21 ||    21
   Cast: Foxfire           |    45 |   153 ||   198
   Stab: Sleeping          |     1 |     1 ||     2
 Armour: Robe              |    11 |     8 ||    19
  Dodge: Dodged            |    13 |    20 ||    33

Table legend: (Time is in decaauts)
 A = Elapsed time spent in this place.
 B = Non-inter-level travel time spent in this place.
 C = Inter-level travel time spent in this place.
 D = Time resting spent in this place.
 E = Time spent auto-exploring this place.
 F = Levels seen in this place.
 G = Mean time per level.
                   A        B        C        D        E       F      G
               +--------+--------+--------+--------+--------+-----+--------+
         Total |   4296 |   4204 |     92 |    860 |   2738 |   5 |  859.2 |
       Dungeon |   4296 |   4204 |     92 |    860 |   2738 |   5 |  859.2 |
               +--------+--------+--------+--------+--------+-----+--------+

Top non-repeatable levels by time:
     D:1: 1303 daAuts
     D:4: 1041 daAuts
     D:3: 951 daAuts
     D:2: 778 daAuts
     D:5: 222 daAuts
